 Dungeon Crawl Stone Soup version 0.21.1-1-g345015f (webtiles) character file.

739 glosham the Cleaver (level 7, -3/57 HPs)
             Began as a Hill Orc Fighter on Apr 29, 2018.
             Slain by a hippogriff (5 damage)
             ... on level 9 of the Dungeon.
             The game lasted 00:11:05 (645 turns).

glosham the Cleaver (Hill Orc Fighter)               Turns: 645, Time: 00:11:06

Health: -3/57      AC:  9    Str: 26    XL:     7   Next: 75%
Magic:  7/7        EV:  6    Int:  8    God:
Gold:   133        SH:  9    Dex: 10    Spells: 6/6 levels left

rFire    . . .     SeeInvis .   a - +1 war axe
rCold    . . .     Gourm    .   c - +0 shield
rNeg     . . .     Faith    .   e - +0 chain mail
rPois    .         Spirit   .   (no helmet)
rElec    .         Reflect  .   (no cloak)
rCorr    .         Harm     .   (no gloves)
MR       .....                  (no boots)
Stlth    ..........             (no amulet)
HPRegen  0.19/turn              (no ring)
MPRegen  0.10/turn              (no ring)

@: mighty
A: no striking features
a: no special abilities


You were on level 9 of the Dungeon.
You were not hungry.

You visited 1 branch of the dungeon, and saw 9 of its levels.

You collected 133 gold pieces.

Inventory:

Hand Weapons
 a - a +1 war axe (weapon)
Armour
 c - a +0 shield (worn)
 e - a +0 chain mail (worn)
 i - a cursed +0 leather armour
Potions
 g - a potion of mutation {!q}
Comestibles
 f - 4 rations
 h - a chunk of flesh


   Skills:
 - Level 3.6 Fighting
 * Level 11.0 Axes
 - Level 3.2 Armour
 - Level 3.2 Shields


You had 6 spell levels left.
You didn't know any spells.

Dungeon Overview and Level Annotations

Branches:
Dungeon (9/15)
 Temple: D:4-7         Lair: D:8-11         Orc: D:9-12

Altars:
Sif Muna


Message History

The scorpion stings you.
You hit the scorpion.
The scorpion is almost dead.
You block the scorpion's attack.
You slice the scorpion!!
You kill the scorpion!
Your Axes skill increases to level 11!
Found a ration.
You see here a ration.
f - 4 rations (gained 1)
There is a stone staircase leading down here.
You climb downwards.
A hippogriff and a black bear come into view.
The black bear growls angrily.
The hippogriff screeches!
Found a stone staircase leading down.
There is a stone staircase leading up here.
You slash the hippogriff!
The hippogriff is moderately wounded.
You barely miss the hippogriff.
The hippogriff is moderately wounded.
The hippogriff barely misses you. The hippogriff pecks you.
The hippogriff claws you but does no damage.
The hippogriff bites you.
The hippogriff pecks you but does no damage.
You block the hippogriff's attack.
Your shield prevents you from hitting the hippogriff.
The hippogriff is moderately wounded.
You slice the hippogriff!!
The hippogriff is severely wounded.
The hippogriff bites you!
* * * LOW HITPOINT WARNING * * *
The hippogriff pecks you but does no damage.
The hippogriff claws you.
* * * LOW HITPOINT WARNING * * *
You slash the hippogriff!
The hippogriff is almost dead.
You block the hippogriff's attack. The hippogriff pecks you.
* * * LOW HITPOINT WARNING * * *
The hippogriff claws you.
You die...

.. ##.####
#.....##
#......
#.....#
#.....#
#.....#
#.h.@.#
......H..#
####....>#
##.#### #.
##


You could see a hippogriff and a black bear.

Vanquished Creatures
  An ice beast (D:8)
  An ogre (D:7)
  A centaur (D:6)
  A water moccasin zombie (D:7)
  A scorpion (D:8)
  2 crimson imps (D:5)
  A bullfrog zombie (D:5)
  5 hounds
  An orc wizard (D:2)
  A killer bee zombie (D:5)
  3 adders
  A worm (D:5)
  19 orcs
  A ball python (D:3)
  4 bats
  A giant cockroach (D:7)
  2 goblins (D:3)
  A hobgoblin (D:3)
  5 jackals (D:5)
  2 kobolds
54 creatures vanquished.

Notes
Turn   | Place    | Note
-------+----------+-------------------------------------------
     0 | D:1      | glosham the Hill Orc Fighter began the quest for the Orb.
     0 | D:1      | Reached XP level 1. HP: 19/19 MP: 1/1
    39 | D:1      | Reached skill level 3 in Axes
    42 | D:2      | Noticed an orc wizard
    49 | D:2      | Reached XP level 2. HP: 15/26 MP: 2/2
    64 | D:2      | Reached skill level 4 in Axes
    67 | D:2      | Reached skill level 5 in Axes
    67 | D:2      | Reached XP level 3. HP: 10/31 MP: 3/3
   197 | D:3      | Reached XP level 4. HP: 20/39 MP: 4/4
   249 | D:5      | Entered Level 5 of the Dungeon
   258 | D:5      | Reached skill level 6 in Axes
   271 | D:5      | Reached XP level 5. HP: 30/45 MP: 5/5
   274 | D:5      | Reached skill level 7 in Axes
   294 | D:5      | Reached skill level 8 in Axes
   294 | D:5      | Reached XP level 6. HP: 32/51 MP: 6/6
   490 | D:6      | Reached skill level 9 in Axes
   548 | D:7      | Reached XP level 7. HP: 27/57 MP: 7/7
   551 | D:7      | Reached skill level 10 in Axes
   587 | D:8      | Found a deep blue altar of Sif Muna.
   629 | D:8      | Reached skill level 11 in Axes
   640 | D:9      | Noticed a hippogriff
   644 | D:9      | HP: 5/57 [hippogriff (3)]
   645 | D:9      | HP: 2/57 [hippogriff (3)]
   645 | D:9      | Slain by a hippogriff

Skill      XL: |  1  2  3  4  5  6  7 |
---------------+----------------------+-----
Axes           | 3 5 6 8 9 11 | 11.0
Fighting       | |  3.6
Armour         | |  3.2
Shields        | |  3.2

Action                   |  1- 3 |  4- 6 |  7- 9 || total
-------------------------+-------+-------+-------++-------
Melee: War axe           |    59 |   127 |    38 ||   224
  Use: Scroll            |     1 |     4 |     1 ||     6
       Potion            |       |     1 |     2 ||     3
Armor: Scale mail        |     7 |       |       ||     7
       Chain mail        |    16 |    56 |    18 ||    90
Dodge: Dodged            |    13 |    28 |     7 ||    48
Block: Shield            |    24 |    58 |    16 ||    98

Table legend:
 A = Turns spent in this place as a percentage of turns spent in the entire game.
 B = Non-inter-level travel turns spent in this place as a percentage of non-inter-level travel turns spent in the entire game.
 C = Inter-level travel turns spent in this place as a percentage of turns spent in this place.
 D = Turns resting spent in this place as a percentage of non-inter-level travel turns spent in this place.
 E = Turns spent auto-exploring this place as a percentage of non-inter-level travel turns spent in this place.
 F = Non-inter-level travel turns spent in this place divided by the number of levels of this place that you've seen.
                   A       B       C       D       E      F
               +-------+-------+-------+-------+-------+----------------------
         Total | 100.0 | 100.0 |   0.0 |   0.0 |   0.0 |  71.7
       Dungeon | 100.0 | 100.0 |   0.0 |   0.0 |   0.0 |  71.7
               +-------+-------+-------+-------+-------+----------------------

Table legend:
 A = Kills in this place as a percentage of kills in entire the game.
 B = Kills by you in this place as a percentage of kills by you in the entire game.
 C = Kills by friends in this place as a percentage of kills by friends in the entire game.
 D = Other kills in this place as a percentage of other kills in the entire game.
 E = Experience gained in this place as a percentage of experience gained in the entire game.
 F = Experience gained in this place divided by the number of levels of this place that you have seen.
                   A       B       C       D       E      F
               +-------+-------+-------+-------+-------+----------------------
         Total | 100.0 | 100.0 |   N/A |   N/A | 100.0 | 117.4
       Dungeon | 100.0 | 100.0 |   N/A |   N/A | 100.0 | 117.4
               +-------+-------+-------+-------+-------+----------------------

Vault maps used:
D:1:      wheals_arrival_shading
D:2:      chequers_ecumenical_altar_lobes, first_ration, grunt_ministairs_6
D:3:      uniq_natasha
D:4:      minmay_temple_entry_fiery
D:6:      nicolae_dithmenos_through_a_glass_darkly
D:7:      grunt_livestock
D:8:      lemuel_crystal_altar
D:9:      david_orc_5
